 Dungeon Crawl Stone Soup version 0.32-a0-818-gb728d0252e (webtiles) character file.

Game seed: 9762688066040117914

3 Lanoc the Vexing (level 1, 0/13 HPs)
             Began as a Coglin Enchanter on Mar 25, 2024.
             Slain by a ball python (1 damage)
             ... on level 1 of the Dungeon.
             The game lasted 00:00:32 (45 turns).

Lanoc the Vexing (Coglin Enchanter)                   Turns: 45, Time: 00:00:33

Health: 0/13       AC:  2    Str:  8    XL:     1   Next: 50%
Magic:  3/3        EV: 11    Int: 14    God:
Gold:   0          SH:  0    Dex: 14    Spells: 3/3 levels left

rFire   . . .        a - +1 dagger {Juwon}
rCold   . . .        d - +0 dagger {Úrsula}
rNeg    . . .        b - +0 robe
rPois   .            (no helmet)
rElec   .            (no cloak)
rCorr   .            (no gloves)
SInv    .            (no boots)
Will    .....        (amulet unavailable)
Stlth   ++           (ring unavailable)
HPRegen 0.22/turn    (ring unavailable)
MPRegen 0.08/turn    (no gizmo)

%: no passive effects
@: revved
A: off-hand wielding, slow wielding, warmup strikes, no jewellery
a: Invent Gizmo


You were on level 1 of the Dungeon.
You visited 1 branch of the dungeon, and saw 1 of its levels.

Inventory:

Hand Weapons
 a - a +1 dagger (weapon) {Juwon}
 d - a +0 dagger (offhand) {Úrsula}
Armour
 b - a +0 robe (worn)
Potions
 c - 2 potions of invisibility


   Skills:
 * Level 1.1 Short Blades
 - Level 1.7 Dodging
 * Level 2.5 Stealth
 - Level 1.7 Spellcasting
 - Level 2.6 Hexes


You had 3 spell levels left.
You didn't know any spells.
Your spell library contained the following spells:

 Spells                   Type           Power      Damage    Failure   Level
 Ensorcelled Hibernation  Hex/Ice        8%         N/A       22%         2
 Confusing Touch          Hex            8%         N/A       24%         3
 Tukima's Dance           Hex            8%         N/A       24%         3
 Dazzling Flash           Conj/Hex       8%         N/A       38%         3


Dungeon Overview and Level Annotations

Branches:
Dungeon (1/15)

Altars:


Innate Abilities, Weirdness & Mutations

You can wield a second weapon in your off-hand.
It takes a long time for you to wield or remove held weapons.
Your first few attacks do less damage.
You cannot equip rings or amulets.


Message History

A goblin, a rat and 2 kobolds come into view.
Found a faded altar of an unknown god.
The goblin shouts!
The kobold barely misses you.
A ball python comes into view.
The ball python hisses angrily.
The rat squeaks loudly.
The kobold shouts!
You hit the kobold with your +1 dagger.
The kobold is severely wounded.
You completely miss the kobold with your +0 dagger.
A bat comes into view.
The rat twitches its whiskers.
The kobold hits you with a +0 dagger.
* * * LOW HITPOINT WARNING * * *
You hit the kobold with your +1 dagger.
You kill the kobold!
The bat hits you but does no damage.
The bat hits the plant.
The plant begins to die.
The bat hits you but does no damage.
You hit the rat but do no damage. x2; The bat barely misses you.
The rat bites you.
* * * LOW HITPOINT WARNING * * *
You hit the rat with your +1 dagger.
You kill the rat!
The bat hits the plant.
The bat hits the fungus.
The fungus begins to die.
The kobold hits you with a +0 short sword.
* * * LOW HITPOINT WARNING * * *
You hit the kobold with your +0 dagger.
The kobold is heavily wounded.
You hit the kobold with your +1 dagger.
The bat hits the plant.
The bat hits the fungus. x2; The kobold misses you.
You miss the kobold with your +0 dagger.
The kobold is severely wounded.
You barely miss the kobold with your +1 dagger.
A nearby plant withers and dies.
The goblin hits you but does no damage. The bat misses you.
The kobold misses you.
You hit the kobold with your +1 dagger.
You kill the kobold!
The bat closely misses you. The bat hits you but does no damage.
The ball python bites you.
You die...

##. ... ..
##### #
.###....# #.
#..P....#
#.##....P..#
#P.SPP....#.P
#.@g..PP.._..
#Pb)P...PP#.
.....##..P....#
..... #..P....#
###. #.###..P.#
#. #. ##### .
.. .. .## #.


You could see a goblin, a bat and a ball python.

Vanquished Creatures
  A hobgoblin (D:1)
  2 kobolds (D:1)
  2 rats (D:1)
5 creatures vanquished.

Notes
Turn   | Place    | Note
-------+----------+-------------------------------------------
     0 | D:1      | Lanoc the Coglin Enchanter began the quest for the Orb.
     0 | D:1      | Reached XP level 1. HP: 13/13 MP: 3/3
    34 | D:1      | Reached skill level 1 in Short Blades
    35 | D:1      | Found a faded altar of an unknown god.
    45 | D:1      | Slain by a ball python

Illustrated notes

Levels and vault maps discovered:
D:1:      ldierk_walled_garden_2, layout_loops_ring,
          shapermc_ecumenical_altar_gd, chequers_serial_rivers_micro_b

Skill      XL: |  1 |
---------------+----+-----
Short Blades   | 1 |  1.1
Dodging        | |  1.7
Stealth        | |  2.5
Spellcasting   | |  1.7
Hexes          | |  2.6

Action                     || total
---------------------------++-------
  Melee: Dagger            ||    33
 Armour: Robe              ||    11
  Dodge: Dodged            ||    11

Table legend: (Time is in decaauts)
 A = Elapsed time spent in this place.
 B = Non-inter-level travel time spent in this place.
 C = Inter-level travel time spent in this place.
 D = Time resting spent in this place.
 E = Time spent auto-exploring this place.
 F = Levels seen in this place.
 G = Mean time per level.
                   A        B        C        D        E       F      G
               +--------+--------+--------+--------+--------+-----+--------+
         Total |     44 |     44 |      0 |      0 |     21 |   1 |   44.0 |
       Dungeon |     44 |     44 |      0 |      0 |     21 |   1 |   44.0 |
               +--------+--------+--------+--------+--------+-----+--------+

Top non-repeatable levels by time:
     D:1: 44 daAuts
